[ AOE2 MATCH · #461248774 ]
UnrankedKoreans vs Khmer
[ REPLAY ANALYSIS · EXTRACTED FROM THE RECORDED GAME ]
Feudal
15:59
Castle
20:09
Imperial
37:35
| APM avg | 20.0 |
| APM peak | 52 |
| eAPM avg | 9.7 |
| Villagers / military | 61 / 23 |
Focus
⚔️ 15.7% · 🌾 84.3%
Spearman ×16 · Knight ×3 · Trebuchet (Packed) ×2 · War Wagon ×1 · Iron Pagoda ×1
Feudal
15:39
Castle
18:44
Imperial
—
| APM avg | 23.1 |
| APM peak | 50 |
| eAPM avg | 11.0 |
| Villagers / military | 85 / 6 |
Focus
⚔️ 14.0% · 🌾 86.0%
Knight ×3 · Monk ×1 · Mangonel ×1 · Scout Cavalry ×1
Feudal
14:55
Castle
18:39
Imperial
—
| APM avg | 33.3 |
| APM peak | 72 |
| eAPM avg | 20.0 |
| Villagers / military | 109 / 83 |
Focus
⚔️ 26.8% · 🌾 73.2%
Spearman ×39 · Eagle Scout ×39 · Mangonel ×3 · Monk ×2
Feudal
26:54
Castle
—
Imperial
—
| APM avg | 38.7 |
| APM peak | 75 |
| eAPM avg | 22.6 |
| Villagers / military | 66 / 0 |
Focus
⚔️ 9.6% · 🌾 90.4%
Trade Cart ×1
Feudal
27:06
Castle
—
Imperial
—
| APM avg | 28.6 |
| APM peak | 57 |
| eAPM avg | 18.6 |
| Villagers / military | 65 / 11 |
Focus
⚔️ 22.0% · 🌾 78.0%
Spearman ×11
Feudal
15:04
Castle
19:54
Imperial
—
| APM avg | 26.7 |
| APM peak | 60 |
| eAPM avg | 12.3 |
| Villagers / military | 58 / 60 |
Focus
⚔️ 31.1% · 🌾 68.9%
Kona ×25 · Bolas Rider ×20 · Battering Ram ×11 · Scorpion ×3 · Mangonel ×1
Feudal
15:02
Castle
22:40
Imperial
—
| APM avg | 24.3 |
| APM peak | 44 |
| eAPM avg | 13.2 |
| Villagers / military | 99 / 37 |
Focus
⚔️ 20.7% · 🌾 79.3%
Knight ×23 · Scout Cavalry ×7 · Battering Ram ×5 · Monk ×2
Feudal
17:18
Castle
23:44
Imperial
—
| APM avg | 11.9 |
| APM peak | 24 |
| eAPM avg | 6.7 |
| Villagers / military | 62 / 7 |
Focus
⚔️ 18.0% · 🌾 82.0%
Konnik ×5 · Knight ×1 · Scout Cavalry ×1
Match map
Initial resources + every placement click. Lines = walls · curves = elevation contours. ◆ gold · ⬟ stone · ● berries · ✦ relic · ◌ wall gap
Inputs per minute
— Killwolf - - 小露露
Build order — Killwolf
First 150 of 154 actions detected
| 1:11 | Build | Town Center |
| 2:56 | Build | House |
| 2:58 | Build | House |
| 3:41 | Create | Villager (Male) |
| 3:41 | Create | Villager (Male) |
| 3:42 | Create | Villager (Male) |
| 3:42 | Create | Villager (Male) |
| 3:42 | Create | Villager (Male) |
| 3:44 | Research | Loom |
| 5:14 | Create | Villager (Male) |
| 5:14 | Create | Villager (Male) |
| 5:49 | Create | Villager (Male) |
| 5:50 | Create | Villager (Male) |
| 6:44 | Create | Villager (Male) |
| 7:20 | Create | Villager (Male) |
| 7:20 | Create | Villager (Male) |
| 7:40 | Create | Villager (Male) |
| 8:07 | Create | Villager (Male) |
| 8:07 | Create | Villager (Male) |
| 8:37 | Build | Mill |
| 8:38 | Create | Villager (Male) |
| 8:39 | Create | Villager (Male) |
| 8:50 | Create | Villager (Male) |
| 9:28 | Create | Villager (Male) |
| 9:28 | Create | Villager (Male) |
| 9:31 | Create | Villager (Male) |
| 9:37 | Build | House |
| 9:40 | Build | House |
| 10:08 | Create | Villager (Male) |
| 10:08 | Create | Villager (Male) |
| 10:08 | Create | Villager (Male) |
| 10:13 | Create | Villager (Male) |
| 10:19 | Build | House |
| 10:22 | Build | House |
| 10:35 | Create | Villager (Male) |
| 10:40 | Create | Villager (Male) |
| 10:42 | Create | Villager (Male) |
| 10:44 | Create | Villager (Male) |
| 11:05 | Create | Villager (Male) |
| 11:15 | Create | Villager (Male) |
| 11:15 | Create | Villager (Male) |
| 11:25 | Build | Lumber Camp |
| 11:26 | Create | Villager (Male) |
| 11:26 | Create | Villager (Male) |
| 12:06 | Create | Villager (Male) |
| 12:25 | Build | Barracks |
| 13:32 | Build | Mill |
| 13:46 | Research | Feudal Age |
| 14:06 | Build | Mining Camp |
| 14:37 | Build | Mining Camp |
| 15:59 | Age | Feudal Age |
| 16:09 | Build | Market |
| 16:17 | Build | Stable |
| 16:28 | Build | Building 487 |
| 16:39 | Build | Stone Wall |
| 17:11 | Build | Farm |
| 17:13 | Build | Farm |
| 17:14 | Build | Farm |
| 17:19 | Build | Farm |
| 17:29 | Research | Castle Age |
| 17:58 | Research | Double-Bit Axe |
| 18:26 | Research | Stone Mining |
| 19:04 | Build | Stone Wall |
| 19:16 | Build | Building 490 |
| 20:09 | Age | Castle Age |
| 20:10 | Create | Knight |
| 20:10 | Create | Knight |
| 20:10 | Create | Knight |
| 21:38 | Build | Castle |
| 22:02 | Build | Town Center |
| 22:42 | Build | Blacksmith |
| 23:38 | Build | Stone Wall |
| 24:06 | Build | Siege Workshop |
| 24:21 | Build | Farm |
| 24:26 | Build | Farm |
| 24:32 | Build | Farm |
| 24:41 | Build | Farm |
| 24:42 | Build | Farm |
| 25:17 | Research | Bow Saw |
| 25:21 | Research | Wheelbarrow |
| 26:00 | Create | Villager (Male) |
| 26:00 | Create | Villager (Male) |
| 26:00 | Create | Villager (Male) |
| 26:15 | Build | Farm |
| 26:18 | Build | Farm |
| 26:28 | Build | Farm |
| 26:30 | Build | Farm |
| 26:38 | Build | Farm |
| 27:25 | Create | Iron Pagoda |
| 27:54 | Build | Town Center |
| 27:58 | Create | Villager (Male) |
| 27:58 | Create | Villager (Male) |
| 27:59 | Create | Villager (Male) |
| 28:23 | Build | House |
| 28:34 | Create | Villager (Male) |
| 28:34 | Create | Villager (Male) |
| 28:34 | Create | Villager (Male) |
| 29:04 | Build | House |
| 29:14 | Build | Farm |
| 29:37 | Build | Farm |
| 30:25 | Research | Hand Cart |
| 31:05 | Build | Farm |
| 31:09 | Build | Farm |
| 32:11 | Create | Villager (Male) |
| 32:12 | Create | Villager (Male) |
| 32:14 | Create | Villager (Male) |
| 32:14 | Create | Villager (Male) |
| 33:08 | Create | Villager (Male) |
| 33:35 | Create | Villager (Male) |
| 33:35 | Create | Villager (Male) |
| 33:40 | Create | Villager (Male) |
| 33:47 | Create | Villager (Male) |
| 33:47 | Create | Villager (Male) |
| 33:47 | Create | Villager (Male) |
| 34:15 | Build | Market |
| 34:24 | Research | Imperial Age |
| 34:24 | Research | Imperial Age |
| 34:24 | Research | Imperial Age |
| 34:35 | Create | Villager (Male) |
| 34:35 | Create | Villager (Male) |
| 34:35 | Create | Villager (Male) |
| 34:41 | Build | Farm |
| 34:42 | Build | Farm |
| 34:58 | Build | Farm |
| 35:08 | Research | Gold Mining |
| 35:23 | Create | War Wagon |
| 35:42 | Create | Villager (Male) |
| 35:42 | Create | Villager (Male) |
| 35:42 | Create | Villager (Male) |
| 36:15 | Build | Barracks |
| 36:18 | Research | Scale Mail Armor |
| 37:03 | Research | Pikeman (upgrade) |
| 37:19 | Build | Barracks |
| 37:25 | Research | Forging |
| 37:35 | Age | Imperial Age |
| 37:38 | Create | Trebuchet (Packed) |
| 37:52 | Build | Barracks |
| 38:03 | Create | Spearman |
| 38:03 | Create | Spearman |
| 38:04 | Create | Spearman |
| 38:06 | Create | Spearman |
| 38:08 | Create | Trebuchet (Packed) |
| 38:12 | Create | Spearman |
| 38:13 | Create | Spearman |
| 38:13 | Create | Spearman |
| 38:13 | Create | Spearman |
| 38:30 | Create | Spearman |
| 38:30 | Create | Spearman |
| 38:30 | Create | Spearman |
| 38:39 | Create | Spearman |
Build order — 小露露
First 150 of 178 actions detected
| 0:03 | Build | House |
| 1:00 | Build | Town Center |
| 3:07 | Research | Loom |
| 3:19 | Build | Lumber Camp |
| 3:21 | Create | Villager (Male) |
| 3:21 | Create | Villager (Male) |
| 3:24 | Create | Villager (Male) |
| 3:24 | Create | Villager (Male) |
| 4:55 | Build | House |
| 5:26 | Create | Villager (Male) |
| 6:32 | Create | Villager (Male) |
| 7:31 | Create | Villager (Male) |
| 7:31 | Create | Villager (Male) |
| 7:32 | Create | Villager (Male) |
| 8:04 | Build | House |
| 8:53 | Create | Villager (Male) |
| 8:54 | Create | Villager (Male) |
| 8:54 | Create | Villager (Male) |
| 8:56 | Create | Villager (Male) |
| 8:57 | Create | Villager (Male) |
| 8:57 | Create | Villager (Male) |
| 9:02 | Create | Villager (Male) |
| 9:24 | Build | Mining Camp |
| 9:39 | Create | Villager (Male) |
| 9:57 | Build | House |
| 10:02 | Build | House |
| 10:08 | Create | Villager (Male) |
| 10:08 | Create | Villager (Male) |
| 10:09 | Create | Villager (Male) |
| 10:34 | Create | Villager (Male) |
| 10:34 | Create | Villager (Male) |
| 10:54 | Create | Villager (Male) |
| 10:54 | Create | Villager (Male) |
| 11:04 | Build | House |
| 11:44 | Build | Mill |
| 13:10 | Research | Feudal Age |
| 13:23 | Build | House |
| 13:25 | Build | House |
| 15:15 | Build | Palisade Wall |
| 15:17 | Build | Building 796 |
| 15:27 | Build | Barracks |
| 15:34 | Create | Villager (Male) |
| 15:34 | Create | Villager (Male) |
| 15:39 | Age | Feudal Age |
| 16:04 | Research | Castle Age |
| 16:05 | Research | Castle Age |
| 16:18 | Research | Stone Mining |
| 16:22 | Build | Stable |
| 16:27 | Build | House |
| 16:56 | Research | Double-Bit Axe |
| 18:13 | Create | Scout Cavalry |
| 18:35 | Build | Market |
| 18:41 | Research | Town Watch |
| 18:44 | Age | Castle Age |
| 20:08 | Create | Knight |
| 20:08 | Create | Knight |
| 20:24 | Create | Villager (Male) |
| 20:24 | Create | Villager (Male) |
| 20:25 | Create | Villager (Male) |
| 20:52 | Build | Castle |
| 21:14 | Build | Siege Workshop |
| 22:11 | Create | Knight |
| 22:54 | Create | Villager (Male) |
| 22:54 | Create | Villager (Male) |
| 23:14 | Create | Villager (Male) |
| 23:18 | Build | Farm |
| 23:22 | Build | Farm |
| 24:18 | Create | Villager (Male) |
| 24:21 | Build | Farm |
| 24:23 | Build | Farm |
| 24:27 | Create | Villager (Male) |
| 24:42 | Create | Villager (Male) |
| 24:42 | Create | Villager (Male) |
| 24:56 | Create | Villager (Male) |
| 24:56 | Create | Villager (Male) |
| 25:05 | Create | Villager (Male) |
| 25:05 | Create | Villager (Male) |
| 25:28 | Build | Farm |
| 25:29 | Build | Farm |
| 25:41 | Create | Villager (Male) |
| 25:47 | Create | Villager (Male) |
| 26:30 | Create | Mangonel |
| 26:32 | Create | Villager (Male) |
| 26:32 | Create | Villager (Male) |
| 26:37 | Research | Horse Collar |
| 27:22 | Build | House |
| 27:24 | Build | Building 487 |
| 27:35 | Build | Monastery |
| 27:36 | Build | House |
| 27:51 | Build | Stone Wall |
| 27:53 | Build | Stone Wall |
| 28:16 | Create | Villager (Male) |
| 28:20 | Build | Town Center |
| 28:24 | Research | Bow Saw |
| 28:32 | Research | Heavy Plow |
| 28:35 | Create | Villager (Male) |
| 29:33 | Research | Wheelbarrow |
| 29:45 | Create | Villager (Male) |
| 29:57 | Build | Town Center |
| 30:00 | Create | Villager (Male) |
| 30:03 | Build | Farm |
| 30:04 | Build | Farm |
| 30:23 | Research | Gold Mining |
| 30:28 | Research | Stone Shaft Mining |
| 30:51 | Create | Villager (Male) |
| 31:04 | Create | Villager (Male) |
| 31:05 | Create | Villager (Male) |
| 31:09 | Build | Farm |
| 31:10 | Build | Farm |
| 31:14 | Create | Monk |
| 31:20 | Create | Villager (Male) |
| 31:38 | Build | University |
| 31:40 | Create | Villager (Male) |
| 31:46 | Build | Building 487 |
| 31:47 | Build | House |
| 31:50 | Build | Palisade Wall |
| 31:51 | Create | Villager (Male) |
| 31:51 | Create | Villager (Male) |
| 31:57 | Build | Farm |
| 32:04 | Create | Villager (Male) |
| 32:07 | Build | Lumber Camp |
| 32:17 | Create | Villager (Male) |
| 32:31 | Create | Villager (Male) |
| 32:31 | Create | Villager (Male) |
| 32:41 | Build | Blacksmith |
| 32:43 | Build | House |
| 32:46 | Create | Villager (Male) |
| 32:52 | Create | Villager (Male) |
| 32:56 | Build | Farm |
| 33:08 | Research | Murder Holes |
| 33:11 | Create | Villager (Male) |
| 33:11 | Create | Villager (Male) |
| 33:18 | Create | Villager (Male) |
| 33:22 | Build | Farm |
| 33:43 | Create | Villager (Male) |
| 33:44 | Create | Villager (Male) |
| 33:49 | Build | Farm |
| 33:52 | Build | Farm |
| 33:52 | Build | Farm |
| 33:55 | Create | Villager (Male) |
| 33:55 | Create | Villager (Male) |
| 33:59 | Build | Lumber Camp |
| 34:01 | Create | Villager (Male) |
| 34:01 | Create | Villager (Male) |
| 34:08 | Build | House |
| 34:09 | Build | House |
| 34:16 | Build | House |
| 34:17 | Build | House |
| 34:18 | Build | House |
| 34:21 | Build | House |
Build order — Kochi
First 150 of 259 actions detected
| 0:39 | Build | Town Center |
| 2:26 | Build | House |
| 2:53 | Create | Villager (Male) |
| 2:53 | Create | Villager (Male) |
| 2:53 | Create | Villager (Male) |
| 2:53 | Create | Villager (Male) |
| 3:00 | Build | House |
| 4:22 | Create | Villager (Male) |
| 4:50 | Research | Loom |
| 5:27 | Create | Villager (Male) |
| 5:28 | Create | Villager (Male) |
| 6:02 | Build | Palisade Wall |
| 6:07 | Build | Palisade Wall |
| 6:30 | Create | Villager (Male) |
| 6:30 | Create | Villager (Male) |
| 6:31 | Create | Villager (Male) |
| 7:14 | Build | House |
| 7:15 | Create | Villager (Male) |
| 8:05 | Create | Villager (Male) |
| 8:05 | Create | Villager (Male) |
| 8:05 | Create | Villager (Male) |
| 8:05 | Create | Villager (Male) |
| 8:13 | Build | House |
| 8:44 | Build | House |
| 9:07 | Create | Villager (Male) |
| 9:07 | Create | Villager (Male) |
| 9:07 | Create | Villager (Male) |
| 9:44 | Create | Villager (Male) |
| 9:44 | Create | Villager (Male) |
| 9:44 | Create | Villager (Male) |
| 9:44 | Create | Villager (Male) |
| 10:11 | Build | House |
| 10:57 | Build | Mill |
| 11:02 | Create | Villager (Male) |
| 12:03 | Build | Mining Camp |
| 12:42 | Research | Feudal Age |
| 14:20 | Build | Building 796 |
| 14:26 | Build | Barracks |
| 14:55 | Age | Feudal Age |
| 15:05 | Build | Blacksmith |
| 15:07 | Build | Market |
| 15:08 | Create | Villager (Male) |
| 15:24 | Build | House |
| 15:26 | Build | House |
| 15:27 | Create | Villager (Male) |
| 15:53 | Create | Villager (Male) |
| 15:59 | Research | Castle Age |
| 16:33 | Create | Eagle Scout |
| 18:39 | Age | Castle Age |
| 18:44 | Build | Town Center |
| 18:57 | Build | Town Center |
| 19:04 | Create | Villager (Male) |
| 19:16 | Create | Villager (Male) |
| 19:27 | Create | Villager (Male) |
| 19:52 | Create | Spearman |
| 19:52 | Create | Spearman |
| 19:56 | Create | Villager (Male) |
| 19:56 | Create | Villager (Male) |
| 19:56 | Create | Villager (Male) |
| 20:13 | Create | Villager (Male) |
| 20:47 | Create | Villager (Male) |
| 20:48 | Create | Villager (Male) |
| 21:06 | Build | Farm |
| 21:06 | Build | Farm |
| 21:07 | Build | Farm |
| 21:07 | Build | Farm |
| 21:07 | Build | Farm |
| 21:21 | Create | Spearman |
| 21:33 | Build | Town Center |
| 21:43 | Build | Town Center |
| 21:50 | Create | Villager (Male) |
| 21:50 | Create | Villager (Male) |
| 22:22 | Create | Spearman |
| 22:25 | Create | Villager (Male) |
| 22:25 | Create | Villager (Male) |
| 22:54 | Create | Villager (Male) |
| 22:54 | Create | Villager (Male) |
| 23:09 | Build | Town Center |
| 23:13 | Build | Farm |
| 23:14 | Build | Farm |
| 23:14 | Build | Farm |
| 23:14 | Build | Farm |
| 23:15 | Build | Farm |
| 23:15 | Build | Farm |
| 23:15 | Build | Farm |
| 23:17 | Create | Villager (Male) |
| 23:22 | Build | Lumber Camp |
| 23:24 | Build | Lumber Camp |
| 23:32 | Create | Villager (Male) |
| 23:54 | Create | Villager (Male) |
| 23:54 | Create | Villager (Male) |
| 24:13 | Create | Villager (Male) |
| 24:13 | Create | Villager (Male) |
| 24:20 | Create | Villager (Male) |
| 24:22 | Create | Villager (Male) |
| 24:48 | Research | Double-Bit Axe |
| 24:52 | Create | Villager (Male) |
| 24:52 | Create | Villager (Male) |
| 24:52 | Create | Villager (Male) |
| 24:53 | Create | Villager (Male) |
| 24:53 | Create | Villager (Male) |
| 24:54 | Create | Villager (Male) |
| 25:00 | Create | Villager (Male) |
| 25:23 | Build | Farm |
| 25:27 | Create | Villager (Male) |
| 25:27 | Create | Villager (Male) |
| 25:28 | Create | Villager (Male) |
| 25:36 | Create | Villager (Male) |
| 25:36 | Create | Villager (Male) |
| 25:36 | Create | Villager (Male) |
| 25:37 | Create | Villager (Male) |
| 25:49 | Create | Villager (Male) |
| 25:49 | Create | Villager (Male) |
| 25:55 | Create | Villager (Male) |
| 25:56 | Create | Villager (Male) |
| 26:02 | Build | Monastery |
| 26:04 | Create | Villager (Male) |
| 26:04 | Create | Villager (Male) |
| 26:04 | Create | Villager (Male) |
| 26:15 | Create | Villager (Male) |
| 26:15 | Create | Villager (Male) |
| 26:35 | Create | Villager (Male) |
| 26:36 | Create | Villager (Male) |
| 26:36 | Create | Villager (Male) |
| 26:36 | Create | Villager (Male) |
| 26:47 | Build | House |
| 26:48 | Create | Villager (Male) |
| 26:48 | Create | Villager (Male) |
| 26:59 | Build | House |
| 27:00 | Create | Villager (Male) |
| 27:01 | Create | Villager (Male) |
| 27:01 | Create | Villager (Male) |
| 27:30 | Build | Town Center |
| 27:39 | Build | House |
| 27:42 | Create | Monk |
| 27:47 | Create | Villager (Male) |
| 27:47 | Create | Villager (Male) |
| 27:47 | Create | Villager (Male) |
| 27:48 | Create | Villager (Male) |
| 27:48 | Create | Villager (Male) |
| 27:48 | Create | Villager (Male) |
| 28:18 | Create | Villager (Male) |
| 28:19 | Create | Villager (Male) |
| 28:19 | Create | Villager (Male) |
| 28:19 | Create | Villager (Male) |
| 28:20 | Create | Villager (Male) |
| 28:25 | Build | House |
| 29:00 | Build | House |
| 29:16 | Research | Fletching |
| 29:38 | Create | Villager (Male) |
Build order — 戰神1688
106 actions detected in the replay
| 0:43 | Build | Town Center |
| 2:47 | Build | House |
| 2:57 | Research | Loom |
| 2:57 | Create | Villager (Male) |
| 2:57 | Create | Villager (Male) |
| 2:58 | Create | Villager (Male) |
| 3:02 | Create | Villager (Male) |
| 5:25 | Create | Villager (Male) |
| 5:25 | Create | Villager (Male) |
| 5:25 | Create | Villager (Male) |
| 6:03 | Create | Villager (Male) |
| 6:31 | Build | House |
| 6:34 | Build | House |
| 6:36 | Create | Villager (Male) |
| 6:36 | Create | Villager (Male) |
| 7:14 | Create | Villager (Male) |
| 7:14 | Create | Villager (Male) |
| 7:45 | Create | Villager (Male) |
| 8:25 | Create | Villager (Male) |
| 8:52 | Create | Villager (Male) |
| 9:44 | Build | House |
| 9:45 | Build | House |
| 10:32 | Create | Villager (Male) |
| 11:57 | Create | Villager (Male) |
| 12:05 | Create | Villager (Male) |
| 12:06 | Create | Villager (Male) |
| 13:07 | Build | Mill |
| 14:07 | Create | Villager (Male) |
| 14:07 | Create | Villager (Male) |
| 15:08 | Build | House |
| 15:22 | Build | House |
| 15:38 | Create | Villager (Male) |
| 16:29 | Create | Villager (Male) |
| 17:27 | Create | Villager (Male) |
| 17:40 | Create | Villager (Male) |
| 18:13 | Create | Villager (Male) |
| 18:58 | Create | Villager (Male) |
| 18:59 | Create | Villager (Male) |
| 19:14 | Create | Villager (Male) |
| 19:16 | Create | Villager (Male) |
| 19:43 | Create | Villager (Male) |
| 20:14 | Create | Villager (Male) |
| 20:42 | Build | Palisade Wall |
| 20:44 | Build | Palisade Wall |
| 21:18 | Build | House |
| 21:20 | Create | Villager (Male) |
| 21:20 | Create | Villager (Male) |
| 21:20 | Create | Villager (Male) |
| 21:21 | Create | Villager (Male) |
| 21:21 | Create | Villager (Male) |
| 21:22 | Create | Villager (Male) |
| 21:54 | Build | House |
| 22:03 | Build | Mill |
| 22:15 | Create | Villager (Male) |
| 22:15 | Create | Villager (Male) |
| 22:37 | Build | Lumber Camp |
| 22:41 | Build | House |
| 22:54 | Create | Villager (Male) |
| 23:17 | Build | Mining Camp |
| 23:32 | Build | Mill |
| 23:39 | Create | Villager (Male) |
| 23:50 | Create | Villager (Male) |
| 24:01 | Create | Villager (Male) |
| 24:04 | Create | Villager (Male) |
| 24:04 | Create | Villager (Male) |
| 24:07 | Create | Villager (Male) |
| 24:08 | Create | Villager (Male) |
| 24:23 | Create | Villager (Male) |
| 24:44 | Research | Feudal Age |
| 24:48 | Create | Villager (Male) |
| 24:49 | Create | Villager (Male) |
| 25:25 | Create | Villager (Male) |
| 25:31 | Build | House |
| 25:32 | Build | House |
| 25:40 | Create | Villager (Male) |
| 26:01 | Create | Villager (Male) |
| 26:01 | Create | Villager (Male) |
| 26:28 | Build | Mill |
| 26:54 | Age | Feudal Age |
| 27:03 | Build | Market |
| 27:05 | Create | Villager (Male) |
| 27:05 | Create | Villager (Male) |
| 27:06 | Create | Villager (Male) |
| 27:32 | Build | Blacksmith |
| 27:34 | Create | Villager (Male) |
| 27:34 | Create | Villager (Male) |
| 27:54 | Create | Villager (Male) |
| 27:54 | Create | Villager (Male) |
| 28:27 | Build | Mill |
| 28:52 | Build | Stone Wall |
| 28:55 | Build | Building 665 |
| 29:37 | Create | Villager (Male) |
| 29:37 | Create | Villager (Male) |
| 29:49 | Build | House |
| 29:50 | Build | House |
| 29:51 | Build | House |
| 30:21 | Create | Trade Cart |
| 30:32 | Build | Barracks |
| 31:44 | Build | House |
| 31:59 | Build | Farm |
| 32:24 | Build | House |
| 33:25 | Build | Watch Tower |
| 34:30 | Create | Villager (Male) |
| 34:30 | Create | Villager (Male) |
| 34:52 | Build | Stone Wall |
| 36:07 | Build | Mining Camp |
Build order — Gor
First 150 of 157 actions detected
| 0:08 | Build | Town Center |
| 1:12 | Build | House |
| 1:21 | Build | House |
| 1:25 | Build | House |
| 2:41 | Create | Villager (Male) |
| 2:41 | Create | Villager (Male) |
| 2:42 | Create | Villager (Male) |
| 2:42 | Create | Villager (Male) |
| 2:42 | Create | Villager (Male) |
| 3:47 | Build | House |
| 3:48 | Build | House |
| 3:56 | Build | Palisade Wall |
| 4:21 | Build | Palisade Wall |
| 4:50 | Create | Villager (Male) |
| 5:19 | Create | Villager (Male) |
| 5:19 | Create | Villager (Male) |
| 5:41 | Research | Loom |
| 6:21 | Create | Villager (Male) |
| 6:22 | Create | Villager (Male) |
| 6:22 | Create | Villager (Male) |
| 6:22 | Create | Villager (Male) |
| 7:02 | Create | Villager (Male) |
| 7:02 | Create | Villager (Male) |
| 7:30 | Build | House |
| 7:35 | Build | House |
| 7:40 | Create | Villager (Male) |
| 7:40 | Create | Villager (Male) |
| 8:11 | Create | Villager (Male) |
| 8:16 | Build | Palisade Wall |
| 8:21 | Build | Palisade Wall |
| 8:57 | Create | Villager (Male) |
| 8:58 | Create | Villager (Male) |
| 8:58 | Create | Villager (Male) |
| 8:58 | Create | Villager (Male) |
| 9:11 | Build | Palisade Wall |
| 9:30 | Build | Palisade Wall |
| 9:46 | Create | Villager (Male) |
| 9:47 | Create | Villager (Male) |
| 10:31 | Create | Villager (Male) |
| 10:34 | Build | House |
| 10:39 | Build | House |
| 11:11 | Build | House |
| 11:59 | Create | Villager (Male) |
| 13:03 | Build | House |
| 13:37 | Create | Villager (Male) |
| 13:38 | Create | Villager (Male) |
| 13:38 | Create | Villager (Male) |
| 14:26 | Build | Mill |
| 16:25 | Create | Villager (Male) |
| 16:25 | Create | Villager (Male) |
| 16:25 | Create | Villager (Male) |
| 17:25 | Create | Villager (Male) |
| 17:25 | Create | Villager (Male) |
| 17:26 | Create | Villager (Male) |
| 17:26 | Create | Villager (Male) |
| 17:29 | Build | Farm |
| 18:06 | Create | Villager (Male) |
| 18:41 | Build | Farm |
| 18:44 | Build | Farm |
| 19:02 | Create | Villager (Male) |
| 19:02 | Create | Villager (Male) |
| 19:04 | Create | Villager (Male) |
| 19:04 | Create | Villager (Male) |
| 19:33 | Create | Villager (Male) |
| 20:31 | Build | Farm |
| 20:36 | Build | Farm |
| 20:51 | Create | Villager (Male) |
| 20:51 | Create | Villager (Male) |
| 21:16 | Build | Lumber Camp |
| 21:42 | Create | Villager (Male) |
| 21:46 | Build | Farm |
| 21:47 | Build | Farm |
| 22:02 | Build | House |
| 22:05 | Create | Villager (Male) |
| 22:16 | Build | Farm |
| 22:28 | Create | Villager (Male) |
| 22:39 | Build | Mining Camp |
| 22:59 | Build | Farm |
| 23:01 | Build | Farm |
| 23:06 | Create | Villager (Male) |
| 23:14 | Build | Farm |
| 23:19 | Create | Villager (Male) |
| 23:49 | Build | House |
| 23:51 | Build | Palisade Wall |
| 23:54 | Build | Palisade Wall |
| 24:21 | Build | Palisade Wall |
| 24:48 | Build | House |
| 24:56 | Research | Feudal Age |
| 26:00 | Build | Barracks |
| 26:18 | Build | Farm |
| 26:19 | Build | Farm |
| 26:26 | Build | Palisade Wall |
| 27:06 | Age | Feudal Age |
| 27:10 | Build | Stone Wall |
| 27:14 | Build | Outpost |
| 27:15 | Build | Outpost |
| 27:21 | Create | Villager (Male) |
| 27:21 | Create | Villager (Male) |
| 27:26 | Create | Spearman |
| 27:26 | Create | Spearman |
| 27:26 | Create | Spearman |
| 27:33 | Build | Building 490 |
| 27:46 | Create | Villager (Male) |
| 28:09 | Build | Stone Wall |
| 28:17 | Build | Stone Wall |
| 28:26 | Build | Watch Tower |
| 28:28 | Build | Stone Wall |
| 28:28 | Build | Stone Wall |
| 28:38 | Create | Spearman |
| 28:38 | Create | Spearman |
| 28:44 | Build | Building 490 |
| 28:53 | Research | Town Watch |
| 28:54 | Create | Villager (Male) |
| 28:54 | Create | Villager (Male) |
| 29:06 | Build | Watch Tower |
| 29:18 | Create | Villager (Male) |
| 29:19 | Create | Villager (Male) |
| 29:35 | Create | Spearman |
| 29:35 | Create | Spearman |
| 29:50 | Create | Spearman |
| 29:50 | Create | Spearman |
| 29:58 | Build | Farm |
| 29:59 | Build | Farm |
| 31:24 | Create | Spearman |
| 31:24 | Create | Spearman |
| 31:46 | Create | Villager (Male) |
| 31:46 | Create | Villager (Male) |
| 31:53 | Build | House |
| 31:54 | Build | House |
| 32:23 | Build | Stone Wall |
| 32:43 | Build | Stone Wall |
| 32:44 | Build | Stone Wall |
| 32:51 | Build | Watch Tower |
| 32:59 | Build | Stone Wall |
| 32:59 | Build | Stone Wall |
| 33:03 | Build | Palisade Wall |
| 33:08 | Build | Palisade Wall |
| 34:01 | Create | Villager (Male) |
| 34:01 | Create | Villager (Male) |
| 34:01 | Create | Villager (Male) |
| 34:20 | Build | Farm |
| 34:22 | Build | Farm |
| 34:24 | Build | Farm |
| 34:25 | Build | Farm |
| 34:26 | Create | Villager (Male) |
| 34:31 | Build | Mill |
| 35:06 | Build | Farm |
| 35:27 | Build | House |
| 35:55 | Create | Villager (Male) |
| 36:02 | Build | Stable |
Build order — Coffee Tea
First 150 of 178 actions detected
| 0:08 | Build | Town Center |
| 2:42 | Create | Villager (Male) |
| 2:42 | Create | Villager (Male) |
| 2:42 | Create | Villager (Male) |
| 2:43 | Create | Villager (Male) |
| 2:43 | Create | Villager (Male) |
| 3:14 | Research | Loom |
| 3:20 | Build | House |
| 3:26 | Create | Villager (Male) |
| 3:26 | Create | Villager (Male) |
| 3:27 | Create | Villager (Male) |
| 3:54 | Build | House |
| 4:33 | Create | Villager (Male) |
| 4:34 | Create | Villager (Male) |
| 4:34 | Create | Villager (Male) |
| 5:17 | Create | Villager (Male) |
| 5:18 | Create | Villager (Male) |
| 5:50 | Create | Villager (Male) |
| 5:50 | Create | Villager (Male) |
| 6:26 | Create | Villager (Male) |
| 6:27 | Create | Villager (Male) |
| 6:56 | Create | Villager (Male) |
| 6:56 | Create | Villager (Male) |
| 7:07 | Build | House |
| 7:27 | Create | Villager (Male) |
| 7:27 | Create | Villager (Male) |
| 7:28 | Create | Villager (Male) |
| 7:55 | Build | House |
| 8:19 | Create | Villager (Male) |
| 8:19 | Create | Villager (Male) |
| 9:02 | Create | Villager (Male) |
| 9:11 | Create | Villager (Male) |
| 9:36 | Create | Villager (Male) |
| 9:46 | Create | Villager (Male) |
| 9:55 | Build | Settlement |
| 10:28 | Create | Villager (Male) |
| 10:33 | Build | House |
| 10:37 | Create | Villager (Male) |
| 10:41 | Build | Barracks |
| 10:52 | Create | Villager (Male) |
| 11:07 | Create | Villager (Male) |
| 11:14 | Build | House |
| 11:16 | Build | House |
| 11:37 | Create | Villager (Male) |
| 12:03 | Build | Settlement |
| 12:47 | Research | Feudal Age |
| 14:13 | Create | Villager (Male) |
| 14:40 | Create | Villager (Male) |
| 15:04 | Age | Feudal Age |
| 15:24 | Build | Blacksmith |
| 15:41 | Build | Archery Range |
| 15:50 | Build | House |
| 15:51 | Build | House |
| 15:53 | Build | House |
| 16:07 | Create | Villager (Male) |
| 16:33 | Build | Palisade Gate |
| 16:46 | Create | Villager (Male) |
| 17:14 | Research | Castle Age |
| 17:43 | Build | House |
| 17:49 | Build | House |
| 17:52 | Build | House |
| 18:04 | Build | House |
| 18:05 | Build | House |
| 18:07 | Build | House |
| 18:08 | Build | House |
| 18:10 | Build | House |
| 18:29 | Research | Double-Bit Axe |
| 18:32 | Research | Stone Mining |
| 19:12 | Build | Archery Range |
| 19:24 | Create | Villager (Male) |
| 19:50 | Build | House |
| 19:54 | Age | Castle Age |
| 20:03 | Create | Bolas Rider |
| 20:04 | Create | Bolas Rider |
| 20:04 | Create | Bolas Rider |
| 20:17 | Create | Villager (Male) |
| 20:17 | Create | Villager (Male) |
| 20:31 | Build | Town Center |
| 20:52 | Create | Bolas Rider |
| 20:59 | Create | Villager (Male) |
| 21:00 | Create | Villager (Male) |
| 21:04 | Research | Gold Mining |
| 21:04 | Research | Gold Mining |
| 21:12 | Build | House |
| 21:25 | Create | Villager (Male) |
| 21:33 | Create | Bolas Rider |
| 21:35 | Create | Bolas Rider |
| 21:54 | Create | Villager (Male) |
| 21:55 | Create | Villager (Male) |
| 21:56 | Create | Villager (Male) |
| 21:56 | Create | Villager (Male) |
| 22:03 | Build | Farm |
| 22:16 | Build | Farm |
| 22:18 | Build | Farm |
| 22:23 | Create | Bolas Rider |
| 22:32 | Build | Farm |
| 22:36 | Build | Farm |
| 22:39 | Build | Farm |
| 22:49 | Create | Bolas Rider |
| 23:02 | Build | Farm |
| 23:15 | Create | Bolas Rider |
| 23:25 | Build | Farm |
| 23:36 | Build | Farm |
| 24:06 | Research | Fletching |
| 24:16 | Create | Villager (Male) |
| 24:39 | Create | Villager (Male) |
| 25:10 | Create | Villager (Male) |
| 25:15 | Build | Town Center |
| 25:19 | Create | Villager (Male) |
| 25:19 | Create | Villager (Male) |
| 25:22 | Build | Farm |
| 25:33 | Create | Bolas Rider |
| 25:33 | Create | Bolas Rider |
| 26:20 | Create | Villager (Male) |
| 26:20 | Create | Villager (Male) |
| 26:20 | Create | Villager (Male) |
| 26:21 | Create | Villager (Male) |
| 26:30 | Build | Castle |
| 26:52 | Create | Bolas Rider |
| 26:52 | Create | Bolas Rider |
| 26:53 | Create | Bolas Rider |
| 26:53 | Create | Bolas Rider |
| 27:57 | Create | Bolas Rider |
| 27:58 | Create | Bolas Rider |
| 27:58 | Create | Bolas Rider |
| 27:58 | Create | Bolas Rider |
| 27:58 | Create | Bolas Rider |
| 29:25 | Create | Kona |
| 29:25 | Create | Kona |
| 29:25 | Create | Kona |
| 29:26 | Create | Kona |
| 29:26 | Create | Kona |
| 29:26 | Create | Kona |
| 29:26 | Create | Kona |
| 29:27 | Create | Kona |
| 29:27 | Create | Kona |
| 30:04 | Create | Villager (Male) |
| 30:04 | Create | Villager (Male) |
| 32:05 | Build | Siege Workshop |
| 32:14 | Research | Gold Shaft Mining |
| 32:18 | Build | Farm |
| 32:19 | Build | Farm |
| 32:24 | Research | Bodkin Arrow |
| 32:25 | Research | Scale Mail Armor |
| 32:32 | Create | Battering Ram |
| 32:32 | Create | Battering Ram |
| 32:32 | Create | Battering Ram |
| 32:36 | Build | Siege Workshop |
| 33:00 | Create | Kona |
| 33:00 | Create | Kona |
Build order — Lalala
First 150 of 199 actions detected
| 0:40 | Build | Town Center |
| 3:04 | Create | Villager (Male) |
| 3:04 | Create | Villager (Male) |
| 3:05 | Create | Villager (Male) |
| 3:05 | Create | Villager (Male) |
| 3:25 | Build | Mill |
| 4:51 | Create | Villager (Male) |
| 4:52 | Create | Villager (Male) |
| 5:22 | Create | Villager (Male) |
| 5:22 | Create | Villager (Male) |
| 5:23 | Create | Villager (Male) |
| 5:44 | Create | Villager (Male) |
| 6:04 | Create | Villager (Male) |
| 6:04 | Create | Villager (Male) |
| 6:15 | Create | Villager (Male) |
| 6:15 | Create | Villager (Male) |
| 6:48 | Create | Villager (Male) |
| 6:49 | Create | Villager (Male) |
| 7:17 | Create | Villager (Male) |
| 7:46 | Create | Villager (Male) |
| 8:04 | Create | Villager (Male) |
| 8:05 | Create | Villager (Male) |
| 8:51 | Create | Villager (Male) |
| 8:59 | Build | Lumber Camp |
| 9:09 | Create | Villager (Male) |
| 9:09 | Create | Villager (Male) |
| 9:09 | Create | Villager (Male) |
| 9:44 | Create | Villager (Male) |
| 9:44 | Create | Villager (Male) |
| 10:02 | Create | Villager (Male) |
| 10:02 | Create | Villager (Male) |
| 10:02 | Create | Villager (Male) |
| 10:34 | Create | Villager (Male) |
| 10:35 | Create | Villager (Male) |
| 10:59 | Build | Farm |
| 11:06 | Build | Farm |
| 11:13 | Build | Farm |
| 11:15 | Create | Villager (Male) |
| 11:16 | Create | Villager (Male) |
| 12:04 | Create | Villager (Male) |
| 12:45 | Research | Feudal Age |
| 13:31 | Build | Farm |
| 13:36 | Build | Farm |
| 13:42 | Build | Farm |
| 13:47 | Build | Farm |
| 13:54 | Build | Farm |
| 14:21 | Build | Barracks |
| 14:56 | Build | Mining Camp |
| 15:02 | Age | Feudal Age |
| 15:07 | Build | Stone Wall |
| 15:12 | Create | Villager (Male) |
| 15:12 | Create | Villager (Male) |
| 15:12 | Create | Villager (Male) |
| 15:41 | Build | Stable |
| 15:46 | Create | Villager (Male) |
| 15:47 | Create | Villager (Male) |
| 15:56 | Research | Double-Bit Axe |
| 16:13 | Create | Villager (Male) |
| 16:26 | Research | Bloodlines |
| 16:29 | Create | Scout Cavalry |
| 16:30 | Create | Scout Cavalry |
| 16:30 | Create | Scout Cavalry |
| 16:49 | Build | Market |
| 17:02 | Create | Villager (Male) |
| 17:02 | Create | Villager (Male) |
| 17:12 | Build | Farm |
| 17:22 | Build | Farm |
| 17:29 | Build | Farm |
| 17:38 | Build | Farm |
| 17:47 | Create | Villager (Male) |
| 17:47 | Create | Villager (Male) |
| 18:10 | Build | Stable |
| 18:14 | Create | Villager (Male) |
| 18:39 | Build | Farm |
| 18:44 | Build | Farm |
| 19:12 | Build | Farm |
| 20:00 | Research | Castle Age |
| 20:06 | Build | Blacksmith |
| 20:58 | Build | Stone Wall |
| 21:09 | Build | Stone Wall |
| 22:00 | Build | Farm |
| 22:30 | Create | Scout Cavalry |
| 22:32 | Create | Scout Cavalry |
| 22:34 | Research | Scale Barding Armor |
| 22:40 | Age | Castle Age |
| 22:45 | Research | Light Cavalry (upgrade) |
| 22:46 | Research | Husbandry |
| 22:48 | Create | Villager (Male) |
| 22:49 | Create | Villager (Male) |
| 22:49 | Create | Villager (Male) |
| 23:02 | Create | Knight |
| 23:03 | Create | Knight |
| 23:26 | Create | Knight |
| 23:42 | Create | Knight |
| 23:45 | Create | Knight |
| 23:45 | Create | Knight |
| 23:59 | Build | Building 490 |
| 24:15 | Build | Building 490 |
| 24:26 | Create | Knight |
| 24:29 | Create | Knight |
| 24:31 | Create | Knight |
| 24:31 | Create | Knight |
| 24:41 | Build | Farm |
| 24:43 | Build | Farm |
| 24:45 | Create | Villager (Male) |
| 24:45 | Create | Villager (Male) |
| 24:45 | Create | Villager (Male) |
| 24:46 | Create | Villager (Male) |
| 25:06 | Create | Knight |
| 25:08 | Create | Knight |
| 25:18 | Build | Farm |
| 25:56 | Create | Knight |
| 25:57 | Create | Knight |
| 26:02 | Create | Scout Cavalry |
| 26:02 | Create | Scout Cavalry |
| 26:19 | Build | Siege Workshop |
| 26:22 | Create | Villager (Male) |
| 26:23 | Create | Villager (Male) |
| 26:35 | Build | Town Center |
| 26:40 | Create | Villager (Male) |
| 26:41 | Create | Villager (Male) |
| 26:41 | Create | Villager (Male) |
| 26:52 | Create | Knight |
| 26:52 | Create | Knight |
| 27:36 | Create | Battering Ram |
| 27:36 | Create | Battering Ram |
| 27:48 | Create | Villager (Male) |
| 27:52 | Research | Wheelbarrow |
| 27:53 | Create | Villager (Male) |
| 27:54 | Create | Villager (Male) |
| 27:54 | Create | Villager (Male) |
| 27:54 | Create | Villager (Male) |
| 27:57 | Build | Farm |
| 28:12 | Create | Villager (Male) |
| 28:12 | Create | Villager (Male) |
| 28:19 | Create | Villager (Male) |
| 28:20 | Create | Villager (Male) |
| 28:26 | Create | Battering Ram |
| 28:58 | Create | Knight |
| 29:06 | Create | Battering Ram |
| 29:06 | Create | Battering Ram |
| 29:18 | Create | Villager (Male) |
| 29:19 | Create | Villager (Male) |
| 29:19 | Create | Villager (Male) |
| 30:06 | Create | Knight |
| 30:08 | Create | Knight |
| 30:25 | Build | Farm |
| 30:27 | Build | Farm |
| 30:30 | Build | Farm |
| 30:34 | Create | Villager (Male) |
Build order — YaTu
123 actions detected in the replay
| 1:40 | Build | Town Center |
| 3:32 | Build | House |
| 4:22 | Create | Villager (Male) |
| 4:23 | Create | Villager (Male) |
| 4:23 | Create | Villager (Male) |
| 4:23 | Create | Villager (Male) |
| 4:23 | Create | Villager (Male) |
| 4:51 | Build | House |
| 4:53 | Build | House |
| 5:39 | Research | Loom |
| 5:54 | Build | House |
| 6:11 | Create | Villager (Male) |
| 6:40 | Build | Mill |
| 6:50 | Create | Villager (Male) |
| 6:50 | Create | Villager (Male) |
| 7:13 | Create | Villager (Male) |
| 7:41 | Create | Villager (Male) |
| 7:42 | Create | Villager (Male) |
| 7:42 | Create | Villager (Male) |
| 8:14 | Create | Villager (Male) |
| 8:37 | Create | Villager (Male) |
| 9:13 | Create | Villager (Male) |
| 9:13 | Create | Villager (Male) |
| 9:14 | Create | Villager (Male) |
| 9:38 | Build | Mill |
| 9:44 | Create | Villager (Male) |
| 9:44 | Create | Villager (Male) |
| 9:44 | Create | Villager (Male) |
| 10:10 | Create | Villager (Male) |
| 10:52 | Create | Villager (Male) |
| 11:03 | Build | Lumber Camp |
| 11:08 | Create | Villager (Male) |
| 12:12 | Create | Villager (Male) |
| 12:12 | Create | Villager (Male) |
| 12:36 | Build | House |
| 12:43 | Create | Villager (Male) |
| 12:43 | Create | Villager (Male) |
| 12:43 | Create | Villager (Male) |
| 12:44 | Create | Villager (Male) |
| 12:44 | Create | Villager (Male) |
| 12:44 | Create | Villager (Male) |
| 13:12 | Build | Mill |
| 13:49 | Build | Mining Camp |
| 13:54 | Create | Villager (Male) |
| 13:54 | Create | Villager (Male) |
| 13:55 | Create | Villager (Male) |
| 13:55 | Create | Villager (Male) |
| 14:50 | Build | House |
| 14:52 | Build | House |
| 14:56 | Build | House |
| 14:57 | Build | House |
| 15:08 | Research | Feudal Age |
| 17:18 | Age | Feudal Age |
| 17:19 | Build | Palisade Wall |
| 17:26 | Build | Building 673 |
| 17:37 | Research | Wheelbarrow |
| 17:40 | Research | Double-Bit Axe |
| 17:43 | Research | Gold Mining |
| 17:45 | Research | Horse Collar |
| 18:01 | Create | Villager (Male) |
| 18:02 | Create | Villager (Male) |
| 18:02 | Create | Villager (Male) |
| 18:02 | Create | Villager (Male) |
| 18:03 | Create | Villager (Male) |
| 18:03 | Create | Villager (Male) |
| 18:03 | Create | Villager (Male) |
| 18:03 | Create | Villager (Male) |
| 18:04 | Create | Villager (Male) |
| 18:04 | Create | Villager (Male) |
| 18:04 | Create | Villager (Male) |
| 18:04 | Create | Villager (Male) |
| 18:23 | Build | Blacksmith |
| 18:36 | Build | Mining Camp |
| 20:02 | Build | Market |
| 20:21 | Build | Barracks |
| 21:04 | Research | Castle Age |
| 21:19 | Build | Stable |
| 21:28 | Build | Mining Camp |
| 21:52 | Build | Mining Camp |
| 22:27 | Build | House |
| 22:29 | Build | House |
| 22:31 | Build | House |
| 22:49 | Build | House |
| 22:50 | Build | House |
| 22:52 | Build | House |
| 22:53 | Build | House |
| 22:56 | Build | House |
| 23:05 | Research | Bloodlines |
| 23:34 | Create | Scout Cavalry |
| 23:44 | Age | Castle Age |
| 23:54 | Build | Krepost |
| 24:09 | Build | Town Center |
| 24:30 | Create | Knight |
| 25:59 | Build | Krepost |
| 26:19 | Build | Farm |
| 26:20 | Build | Farm |
| 26:23 | Build | Farm |
| 26:27 | Build | Farm |
| 26:28 | Build | Farm |
| 26:29 | Build | Farm |
| 26:31 | Build | Farm |
| 26:32 | Build | Farm |
| 26:33 | Build | Farm |
| 26:34 | Build | Farm |
| 27:24 | Build | Stone Wall |
| 27:32 | Build | Building 665 |
| 28:16 | Create | Villager (Male) |
| 28:16 | Create | Villager (Male) |
| 28:16 | Create | Villager (Male) |
| 29:19 | Build | Stone Wall |
| 29:22 | Build | Stone Wall |
| 29:39 | Create | Villager (Male) |
| 29:39 | Create | Villager (Male) ×5 |
| 30:09 | Create | Villager (Male) ×2 |
| 30:09 | Create | Villager (Male) ×2 |
| 30:42 | Create | Villager (Male) |
| 30:43 | Create | Villager (Male) |
| 31:10 | Build | Krepost |
| 31:44 | Create | Konnik |
| 31:44 | Create | Konnik |
| 31:44 | Create | Konnik |
| 32:28 | Create | Konnik |
| 32:28 | Create | Konnik |
Match timeline
| 3:56 | Gor · wall_segment Palisade Wall x6 |
| 4:21 | Gor · wall_segment Palisade Wall x1 |
| 6:02 | Kochi · wall_segment Palisade Wall x1 |
| 6:07 | Kochi · wall_segment Palisade Wall x1 |
| 8:16 | Gor · wall_segment Palisade Wall x4 |
| 8:21 | Gor · wall_segment Palisade Wall x8 |
| 9:11 | Gor · wall_segment Palisade Wall x4 |
| 9:30 | Gor · wall_segment Palisade Wall x1 |
| 10:41 | Coffee Tea · first_building Barracks |
| 12:25 | Killwolf · first_building Barracks |
| 14:21 | Lalala · first_building Barracks |
| 14:26 | Kochi · first_building Barracks |
| 14:55 | Kochi · age_up feudal |
| 15:02 | Lalala · age_up feudal |
| 15:04 | Coffee Tea · age_up feudal |
| 15:07 | Lalala · wall_segment Stone Wall x9 |
| 15:15 | 小露露 · wall_segment Palisade Wall x7 |
| 15:27 | 小露露 · first_building Barracks |
| 15:39 | 小露露 · age_up feudal |
| 15:41 | Lalala · first_building Stable |
| 15:41 | Coffee Tea · first_building Archery Range |
| 15:59 | Killwolf · age_up feudal |
| 16:17 | Killwolf · first_building Stable |
| 16:22 | 小露露 · first_building Stable |
| 16:39 | Killwolf · wall_segment Stone Wall x5 |
| 17:18 | YaTu · age_up feudal |
| 17:19 | YaTu · wall_segment Palisade Wall x8 |
| 18:39 | Kochi · age_up castle |
| 18:44 | 小露露 · age_up castle |
| 19:04 | Killwolf · wall_segment Stone Wall x13 |
| 19:54 | Coffee Tea · age_up castle |
| 20:09 | Killwolf · age_up castle |
| 20:21 | YaTu · first_building Barracks |
| 20:23 | 小露露 · first_market_buy 100 food |
| 20:42 | 戰神1688 · wall_segment Palisade Wall x7 |
| 20:44 | 戰神1688 · wall_segment Palisade Wall x5 |
| 20:52 | 小露露 · first_building Castle |
| 20:58 | Lalala · wall_segment Stone Wall x1 |
| 21:09 | Lalala · wall_segment Stone Wall x5 |
| 21:14 | 小露露 · first_building Siege Workshop |
| 21:19 | YaTu · first_building Stable |
| 21:19 | Killwolf · first_market_sell 100 food |
| 21:23 | Killwolf · first_market_buy 100 stone |
| 21:38 | Killwolf · first_building Castle |
| 22:40 | Lalala · age_up castle |
| 23:38 | Killwolf · wall_segment Stone Wall x5 |
| 23:44 | YaTu · age_up castle |
| 23:51 | Gor · wall_segment Palisade Wall x1 |
| 23:54 | Gor · wall_segment Palisade Wall x1 |
| 23:54 | YaTu · first_building Krepost |
| 24:06 | Killwolf · first_building Siege Workshop |
| 24:21 | Gor · wall_segment Palisade Wall x6 |
| 24:51 | Kochi · first_market_buy 100 food |
| 26:00 | Gor · first_building Barracks |
| 26:02 | Kochi · first_building Monastery |
| 26:19 | Lalala · first_building Siege Workshop |
| 26:26 | Gor · wall_segment Palisade Wall x2 |
| 26:30 | Coffee Tea · first_building Castle |
| 26:54 | 戰神1688 · age_up feudal |
| 27:06 | Gor · age_up feudal |
| 27:10 | Gor · wall_segment Stone Wall x5 |
| 27:24 | YaTu · wall_segment Stone Wall x11 |
| 27:35 | 小露露 · first_building Monastery |
| 27:51 | 小露露 · wall_segment Stone Wall x2 |
| 27:53 | 小露露 · wall_segment Stone Wall x3 |
| 28:09 | Gor · wall_segment Stone Wall x5 |
| 28:17 | Gor · wall_segment Stone Wall x1 |
| 28:28 | Gor · wall_segment Stone Wall x1 |
| 28:28 | Gor · wall_segment Stone Wall x1 |
| 28:52 | 戰神1688 · wall_segment Stone Wall x2 |
| 29:19 | YaTu · wall_segment Stone Wall x3 |
| 29:22 | YaTu · wall_segment Stone Wall x1 |
| 29:58 | Kochi · first_building Castle |
| 30:32 | 戰神1688 · first_building Barracks |
| 31:50 | 小露露 · wall_segment Palisade Wall x3 |
| 32:05 | Coffee Tea · first_building Siege Workshop |
| 32:23 | Gor · wall_segment Stone Wall x4 |
| 32:43 | Gor · wall_segment Stone Wall x4 |
| 32:44 | Gor · wall_segment Stone Wall x1 |
| 32:49 | Kochi · first_building Siege Workshop |
| 32:59 | Gor · wall_segment Stone Wall x1 |
| 32:59 | Gor · wall_segment Stone Wall x1 |
| 33:03 | Gor · wall_segment Palisade Wall x1 |
| 33:08 | Gor · wall_segment Palisade Wall x1 |
| 33:25 | YaTu · resign |
| 34:33 | 小露露 · wall_segment Stone Wall x9 |
| 34:34 | 小露露 · wall_segment Stone Wall x8 |
| 34:49 | Lalala · first_building Castle |
| 34:52 | 戰神1688 · wall_segment Stone Wall x2 |
| 36:02 | Gor · first_building Stable |
| 37:05 | Lalala · first_building Monastery |
| 37:35 | Killwolf · age_up imperial |
| 38:21 | Lalala · first_market_buy 100 wood |
[ AI ANALYSIS · 1 CREDIT ]
What really happened in this match?
Wolo.gg analyzes every decision: build order, eco, micro, common mistakes by bracket. Personalized analysis on WhatsApp or Discord in 30 seconds.
Civ guide
Koreans
Perfil
Jugador #2953108